 Dungeon Crawl Stone Soup version 0.28.0-47-ge53b351184 (webtiles) character file.

Game seed: 3064870978075165404

34 Tiocfaidh the Magician (level 3, -1/25 HPs)
             Began as a Palentonga Hedge Wizard on May 8, 2022.
             Slain by Terence
             ... wielding a +2 vorpal morningstar
              (11 damage)
             ... on level 2 of the Dungeon.
             The game lasted 00:10:19 (1922 turns).

Tiocfaidh the Magician (Palentonga Hedge Wizard)    Turns: 1922, Time: 00:10:19

Health: -1/25      AC:  4    Str: 13    XL:     3   Next: 14%
Magic:  8/8        EV:  9    Int: 14    God:
Gold:   107        SH:  0    Dex: 11    Spells: 8/9 levels left

rFire   . . .      SeeInvis +   i - +0 hand axe (vorpal)
rCold   . . .      Faith    .   (no shield)
rNeg    . . .      Spirit   .   b - +0 robe
rPois   .          Reflect  .   c - +0 hat
rElec   .          Harm     .   f - scarf {shadows}
rCorr   .          Rampage  .   (no gloves)
Will    .....                   (no barding)
Stlth   ++........              (no amulet)
HPRegen 0.08/turn               (no ring)
MPRegen 0.11/turn               (no ring)

@: no status effects
A: large, rugged brown scales 3, see invisible, deformed body, roll 1, armoured
tail
a: Rolling Charge


You were on level 2 of the Dungeon.
You visited 1 branch of the dungeon, and saw 2 of its levels.

You collected 107 gold pieces.

Inventory:

Hand Weapons
 i - a +0 vorpal hand axe (weapon)
Armour
 b - a +0 robe (worn)
 c - a +0 hat (worn)
 f - a scarf of shadows (worn)
Scrolls
 a - a scroll of blinking {unknown}
 d - a scroll of noise {unknown}
 e - 4 scrolls of identify {unknown}
 h - a scroll of teleportation {unknown}
Potions
 g - a potion of flight {unknown}


   Skills:
 + Level 0.7 Axes
 + Level 1.6 Dodging
 + Level 1.5 Stealth
 + Level 3.7 Spellcasting
 + Level 1.0 Conjurations
 + Level 0.7 Summonings
 + Level 1.0 Translocations


You had 8 spell levels left.
You knew the following spells:

 Your Spells              Type           Power      Damage    Failure   Level
a - Magic Dart            Conj           20%        1d4       13%         1

Your spell library contained the following spells:

 Spells                   Type           Power      Damage    Failure   Level
 Slow                     Hex            8%         N/A       21%         1
 Blink                    Tloc           10%        N/A       21%         2
 Call Imp                 Summ           4%         N/A       22%         2
 Conjure Flame            Conj/Fire      4%         6-21      43%         3
 Mephitic Cloud           Conj/Pois/Air  3%         N/A       45%         3


Dungeon Overview and Level Annotations

Branches:
Dungeon (2/15)

Altars:

Shops:
D:1 !

Annotations:
D:2 Terence


Innate Abilities, Weirdness & Mutations

You are completely covered in rugged brown scales. (AC +3, +7% HP)
You have supernaturally acute eyesight. (SInv)
Armour fits poorly on your strangely shaped body.
You can roll at nearby foes to attack.
You have a long armoured tail.


Message History

* * * LOW HITPOINT WARNING * * *
You are poisoned.
The adder poisons you!
You hit the adder.
You kill the adder!
* * * LOW HITPOINT WARNING * * *
You feel sick.
You have reached level 3!
Your experience leads to an increase in your attributes!
Increase (S)trength, (I)ntelligence, or (D)exterity?
You feel agile. x2
You feel sick.
You feel sick.
You feel sick.
You are no longer poisoned.
Terence shouts, "DIE!!!"
Terence says, "You're history."
Your magical contamination has completely faded away.
Terence is nearby!
There is a stone staircase leading up here.
You see here an adder corpse.
You climb upwards.
There is a stone staircase leading down here.
You start resting.
Magic restored.
You start resting.
HP restored.
You start waiting.
Done waiting.
There is a stone staircase leading down here.
You start removing your armour.
You continue taking off your +0 helmet. x4
You finish taking off your +0 helmet.
You start putting on your armour.
You continue putting on your +0 hat. x5
You finish putting on your +0 hat.
You drop a +0 helmet.
You climb downwards.
Level annotation: Terence Terence screams, "I want your blood!"
Terence hits you with a +2 vorpal morningstar! x2
You die...

#.# ###.##.
#.###....... .....#
###...........##
.@#..# ..#.#..###
#...## .....#
#.#....# ....#
..... #.#÷8### #8.#
...# ..÷..+
+..#####..##.#
#.#.8###
###8.@..........
#......#
#....@####......
#####..#####..#..#
#.....
#............#
#####
#.######.#.#######
#..@.............#
.. #
##########........
.>. #
##..##.#.#####....#
#
#......#.##.......#
#
#......#..........#


You could see Terence.

Vanquished Creatures
  An adder (D:2)
  6 ball pythons
  4 bats
  An endoplasm (D:1)
  A giant cockroach (D:2)
  A hobgoblin (D:2)
  3 quokkas
  3 goblins (D:1)
  A kobold (D:1)
  3 rats
24 creatures vanquished.

Notes
Turn   | Place    | Note
-------+----------+-------------------------------------------
     0 | D:1      | Tiocfaidh the Palentonga Hedge Wizard began the quest for
                  | the Orb.
     0 | D:1      | Reached XP level 1. HP: 13/13 MP: 4/4
   128 | D:1      | Found Miyc Bemola's Distillery.
   336 | D:1      | Reached XP level 2. HP: 20/20 MP: 0/6
   404 | D:1      | Reached skill level 1 in Conjurations
  1515 | D:2      | Noticed Terence
  1524 | D:2      | Reached XP level 3. HP: 5/25 MP: 1/8
  1922 | D:2      | Slain by Terence

Illustrated notes

Levels and vault maps discovered:
D:1:      co_arrival_hall_of_pillars, layout_loops_cross, serial_shops,
          nicolae_shop_trees, minmay_tromino_v4_b
D:2:      layout_loops_ring, dreamdust_ecumenical_altar_angels_and_demons,
          uniq_terence

Skill      XL: |  1  2 |
---------------+-------+-----
Conjurations   | 1 |  1.0
Axes           | |  0.7
Dodging        | |  1.6
Stealth        | |  1.5
Spellcasting   | |  3.7
Summonings     | |  0.7
Translocations | |  1.0

Action                   || total
-------------------------++-------
Melee: Dagger            ||    13
       Hand axe          ||    23
       Tailslap          ||     2
       Punch             ||     1
 Cast: Magic Dart        ||    28
 Stab: Sleeping          ||     1
Armor: Robe              ||    21
Dodge: Dodged            ||    23
